Map: Ascension to Aiur LE

Players

NORTHAMERICA - Winner!

  • Race: Protoss Protoss
  • League: Grandmaster
  • Spawn Location: 5:00

IIIIIIIIIIII

  • Race: Terran Terran
  • League: Grandmaster
  • Spawn Location: 11:00

VOD

Have the link to the VOD?

Description

Time

  • Played on: June 8, 2017, 12:10 a.m.
  • Length: 11:21
Show
View Real Time Build Order
Export as new Build Order

NORTHAMERICA Protoss - Winner!

Build Orders: 1 Gate Expand, Colossus Rush 

Get SALT Encoding   

  12  0:01  Probe (Chrono Boost)  
  13  0:12  Probe (Chrono Boost)  
  14  0:18  Pylon  
  14  0:22  Probe (Chrono Boost)  
  15  0:36  Probe (Chrono Boost)  
  15  0:37  Gateway  
  16  0:46  Probe (Chrono Boost)  
  16  0:48  Assimilator  
  18  0:57  Probe (Chrono Boost)  
  18  1:07  Probe (Chrono Boost)  
  19  1:21  Nexus  
  19  1:32  Cybernetics Core  
  20  1:33  Probe (Chrono Boost)  
  20  1:40  Assimilator  
  20  1:43  Probe (Chrono Boost)  
  21  1:52  Pylon  
  21  1:54  Probe (Chrono Boost)  
  22  2:04  Probe (Chrono Boost)  
  23  2:11  Adept  
  23  2:15  Mothership Core (Chrono Boost)  
  27  2:17  Warp Gate  
  27  2:33  Probe (Chrono Boost)  
  27  2:34  Pylon  
  27  2:36  Probe (Chrono Boost)  
  30  2:44  Probe (Chrono Boost)  
  30  2:47  Probe (Chrono Boost)  
  31  2:54  Probe (Chrono Boost)  
  31  2:56  Robotics Facility  
  31  2:58  Probe (Chrono Boost)  
  33  3:05  Probe (Chrono Boost)  
  34  3:08  Probe (Chrono Boost)  
  35  3:15  Probe (Chrono Boost)  
  35  3:18  Gateway  
  35  3:19  Probe (Chrono Boost)  
  37  3:22  Gateway  
  37  3:26  Probe (Chrono Boost)  
  38  3:29  Probe (Chrono Boost)  
  38  3:32  Pylon  
  39  3:37  Probe (Chrono Boost)  
  39  3:40  Probe (Chrono Boost)  
  41  3:46  Robotics Bay  
  41  3:47  Probe (Chrono Boost)  
  42  3:50  Observer  
  42  3:51  Probe (Chrono Boost)  
  44  3:58  Assimilator  
  44  4:00  Probe (Chrono Boost)  
  46  4:03  Assimilator, Probe (Chrono Boost)  
  46  4:09  Observer  
  46  4:11  Pylon  
  46  4:12  Pylon, Probe (Chrono Boost)  
  46  4:15  Probe (Chrono Boost)  
  49  4:21  Stalker x2  
  49  4:23  Stalker  
  49  4:24  Probe (Chrono Boost)  
  56  4:36  Probe (Chrono Boost)  
  56  4:40  Colossus  
  56  4:51  Probe (Chrono Boost)  
  63  4:55  Extended Thermal Lance  
  63  4:59  Forge  
  63  5:00  Forge  
  63  5:09  Gateway  
  63  5:11  Gateway  
  63  5:16  Sentry  
  63  5:18  Zealot  
  67  5:34  Protoss Ground Weapons Level 1  
  67  5:35  Colossus, Protoss Ground Armor Level 1  
  67  5:39  Nexus  
  73  5:42  Pylon  
  73  5:47  Probe (Chrono Boost)  
  74  6:01  Twilight Council  
  74  6:02  Pylon  
  74  6:06  Probe (Chrono Boost)  
  74  6:10  Probe (Chrono Boost)  
  76  6:18  Probe (Chrono Boost)  
  77  6:22  Adept, Probe (Chrono Boost)  
  77  6:23  Stalker, Adept x2  
  77  6:24  Stalker  
  88  6:29  Disruptor  
  88  6:30  Probe (Chrono Boost)  
  92  6:35  Probe (Chrono Boost)  
  92  6:39  Pylon  
  93  6:48  Pylon  
  93  6:52  Pylon  
  93  6:56  Pylon  
  93  7:04  Stalker x3  
  93  7:06  Adept, Blink  
  101  7:13  Probe (Chrono Boost)  
  101  7:20  Probe (Chrono Boost)  
  102  7:23  Probe (Chrono Boost)  
  102  7:25  Probe (Chrono Boost), Disruptor  
  107  7:32  Probe (Chrono Boost)  
  107  7:35  Probe (Chrono Boost)  
  107  7:36  Pylon  
  109  7:38  Pylon  
  109  7:41  Pylon, Probe (Chrono Boost)  
  109  7:42  Adept x5  
  120  7:47  Protoss Ground Armor Level 2  
  120  7:49  Protoss Ground Weapons Level 2  
  119  8:00  Probe (Chrono Boost)  
  119  8:01  Gateway  
  119  8:03  Probe (Chrono Boost)  
  119  8:04  Probe (Chrono Boost), Gateway  
  121  8:10  Pylon  
  121  8:11  Disruptor  
  119  8:16  Adept x3  
  128  8:21  Assimilator  
  128  8:25  Pylon, Assimilator  
  128  8:26  Stalker  
  130  8:28  Stalker  
  132  8:44  Adept x2  
  132  8:45  Adept  
  132  8:48  Probe (Chrono Boost)  
  139  8:50  Dark Shrine  
  139  8:53  Photon Cannon  
  139  8:54  Photon Cannon  
  139  9:07  Stalker x4, Resonating Glaives  
  145  9:13  Disruptor  
  148  9:27  Stalker x2  
  148  9:30  Nexus  
  152  9:32  Pylon  
  152  9:33  Stalker x2  
  149  9:49  Adept  
  149  9:50  Adept x2  
  141  10:03  Disruptor  
  144  10:08  Adept x2  
  144  10:09  Adept x2  
  153  10:15  Probe (Chrono Boost)  
  153  10:17  Photon Cannon  
  153  10:20  Pylon  
  153  10:22  Assimilator  
  153  10:23  Dark Templar x2  
  153  10:27  Assimilator  
  153  10:30  Stalker x4  
  157  10:39  Disruptor  
  149  10:55  Adept  
  149  10:56  Adept x6  
Show
View Real Time Build Order
Export as new Build Order

IIIIIIIIIIII Terran 

Build Orders: MMM Bio 

Get SALT Encoding   

  12  0:01  SCV  
  13  0:13  SCV  
  14  0:17  Supply Depot  
  14  0:25  SCV  
  15  0:31  Refinery  
  15  0:38  SCV  
  16  0:45  Barracks  
  16  0:55  SCV  
  17  1:08  SCV  
  18  1:20  SCV  
  19  1:32  Orbital Command  
  19  1:35  Barracks Reactor  
  19  1:44  Command Center  
  19  1:55  Factory  
  19  1:58  SCV  
  20  2:09  Supply Depot  
  20  2:12  Marine x2  
  20  2:15  SCV  
  23  2:31  Marine x2, SCV  
  26  2:39  Widow Mine, Starport  
  26  2:43  SCV  
  29  2:53  Marine  
  29  2:54  Marine  
  29  2:56  Orbital Command  
  29  2:57  SCV  
  32  3:07  Widow Mine  
  32  3:09  SCV  
  32  3:12  Marine x2  
  36  3:18  Barracks  
  37  3:22  SCV  
  37  3:23  Medivac  
  37  3:25  SCV  
  41  3:33  Marine x2  
  43  3:34  Barracks  
  43  3:38  SCV x2  
  45  3:42  Supply Depot  
  45  3:47  Refinery  
  45  3:49  Refinery  
  45  3:51  Marine  
  46  3:58  Factory Tech Lab, Starport Tech Lab  
  46  4:03  Marine  
  46  4:04  SCV x2  
  46  4:07  Supply Depot  
  46  4:09  Marine  
  50  4:16  SCV x2  
  52  4:21  Marine  
  53  4:26  Stimpack  
  53  4:28  SCV  
  53  4:29  SCV  
  53  4:30  Marine  
  53  4:31  Marine x2, Combat Shields  
  58  4:34  Starport Reactor  
  54  4:39  Marine  
  54  4:40  Engineering Bay  
  54  4:41  Supply Depot  
  54  4:43  SCV x2  
  57  4:54  Supply Depot  
  57  4:58  Marine, Marauder x2  
  62  5:03  Marine, SCV x2  
  65  5:09  Terran Infantry Weapons Level 1  
  65  5:11  Supply Depot  
  65  5:15  Marine  
  65  5:16  Medivac x2  
  65  5:20  Supply Depot  
  70  5:22  SCV x2  
  72  5:31  Missile Turret  
  72  5:33  Marauder x2  
  76  5:36  Marine x2  
  78  5:45  SCV x2  
  78  5:46  Supply Depot  
  80  5:54  Marine x2, Marauder  
  80  5:55  Marauder  
  86  5:58  Medivac x2  
  90  6:11  Command Center  
  90  6:17  Marauder x2  
  94  6:20  Supply Depot  
  94  6:23  Refinery  
  94  6:24  SCV x2  
  96  6:28  Concussive Shells  
  96  6:31  Marine x2  
  98  6:40  Supply Depot  
  95  7:00  Marine x2, Marauder x2  
  96  7:03  Terran Infantry Armor Level 1  
  96  7:05  Barracks  
  96  7:06  Barracks  
  95  7:19  Viking x2  
  95  7:20  Factory Reactor  
  95  7:21  Marauder  
  101  7:25  Starport  
  101  7:26  SCV x2  
  101  7:27  Orbital Command  
  103  7:32  Marine x2, Marauder  
  107  7:43  Marauder  
  109  7:47  SCV x2  
  109  7:49  Marine  
  109  7:50  Marine  
  106  7:53  Marauder  
  106  7:56  Viking  
  106  7:57  Orbital Command, Viking, Barracks Reactor  
  106  7:58  Barracks Tech Lab  
  109  8:03  SCV  
  109  8:04  Marauder  
  109  8:05  SCV  
  113  8:12  Marine x2  
  115  8:13  Viking x2  
  115  8:19  SCV x2  
  121  8:24  SCV  
  121  8:25  Supply Depot x2  
  122  8:29  Viking x2  
  126  8:37  Missile Turret  
  126  8:42  Armory  
  126  8:44  Marauder x3  
  126  8:46  Viking x2  
  136  8:51  Marine x4  
  136  8:55  SCV x3  
  143  9:05  Marauder  
  143  9:06  Marauder x2  
  149  9:14  Engineering Bay  
  149  9:15  Refinery  
  149  9:16  Refinery, Supply Depot  
  149  9:36  Supply Depot x2  
  149  9:37  Marine x3  
  149  9:38  Marine, Marauder, SCV x3  
  157  9:41  Marauder x2  
  153  9:47  Liberator  
  153  9:48  Liberator x2  
  153  9:51  Liberator  
  126  9:55  Marine x3  
  126  9:56  Marine  
  126  9:59  Marauder  
  119  10:02  Marine  
  119  10:03  Marauder  
  131  10:13  Marine x2  
  136  10:18  Marine x2  
  136  10:21  Marauder x2  
  142  10:24  Marauder  
  140  10:31  Marine x2  
  139  10:35  Marine  
  132  10:50  Marine x2, Marauder x2  
  136  11:02  Marine x2  
Tags
 
Add a new tag
Caveats
  • Supply blocks, unpowered buildings, or Contaminate may cause inaccurate times.
  • Supply counts are checked every 10 seconds.